 Dungeon Crawl Stone Soup version 0.32-a0-960-g3814254bd7 (webtiles) character file.

Game seed: 6278632968704326094

10459 wilfster70 the Fighter (level 11, -3/71 HPs)
             Began as a Gargoyle Earth Elementalist on Apr 17, 2024.
             Was a Priest of Beogh.
             Incinerated by a smoke demon (9 damage)
             ... with a pyre arrow
             ... on level 9 of the Dungeon.
             The game lasted 00:26:53 (9009 turns).

wilfster70 the Fighter (GrEE)                       Turns: 9009, Time: 00:26:53

Health: -3/71      AC: 18    Str: 15      XL:     11   Next: 62%
Magic:  7/20       EV: 10    Int: 29      God:    Beogh [***...]
Gold:   620        SH:  0    Dex:  9 (10) Spells: 9/22 levels left

rFire   . . .        a - +1 dagger (venom)
rCold   + . .        (no shield)
rNeg    + . .        d - +0 robe of Perfidy {Str+3 Int+3}
rPois   ∞            w - +2 helmet of the Constellations {rC+ Slay+2}
rElec   +            p - +2 cloak
rCorr   .            h - +1 pair of gloves
SInv    .            (no boots)
Will    .....        (no amulet)
Stlth   +            e - +6 ring of intelligence
HPRegen 0.31/turn    m - ring of flight
MPRegen 0.17/turn

%: no passive effects
@: on fire, flying, glowing
A: sickness immunity, AC +8, negative energy resistance 1, electricity
resistance, torment resistance 1, petrification resistance
a: Renounce Religion, Smiting, Recall Apostles, Dismiss Horkud, wizard


You were on level 9 of the Dungeon.
You worshipped Beogh.
Beogh was most pleased with you.
You visited 1 branch of the dungeon, and saw 9 of its levels.
You also visited: Bailey.

You collected 620 gold pieces.

Inventory:

Hand Weapons
 a - a +1 dagger of venom (weapon)
 g - a +2 heavy war axe
Missiles
 k - a throwing net
Armour
 d - the +0 robe of Perfidy (worn) {Str+3 Int+3}
   (You found it in a bailey)

   Str+3:     It affects your strength (+3).
   Int+3:     It affects your intelligence (+3).
 h - a +1 pair of gloves (worn)
 p - a +2 cloak (worn)
 w - the +2 helmet of the Constellations (worn) {rC+ Slay+2}
   (You found it on level 3 of the Dungeon)

   Slay+2:    It affects your accuracy & damage with ranged weapons and melee
   (+2).
   rC+:       It protects you from cold.
Jewellery
 e - a +6 ring of intelligence (left hand)
 m - a ring of flight (right hand)
 o - a +6 ring of strength
 r - a ring of positive energy
Wands
 u - a wand of mindburst (7)
 z - a wand of iceblast (9)
 C - a wand of polymorph (7)
Scrolls
 l - 2 scrolls of poison
 n - 5 scrolls of teleportation
 t - a scroll of silence
 v - 3 scrolls of immolation
Potions
 b - 3 potions of brilliance
 c - 2 potions of heal wounds
 f - 2 potions of might
 i - a potion of berserk rage {unknown}
 j - a potion of lignification {unknown}
 q - 3 potions of enlightenment
 s - 3 potions of ambrosia {unknown}
 x - a potion of mutation {unknown}
 A - 3 potions of haste {unknown}
 B - a potion of attraction
 D - a potion of curing


   Skills:
 - Level 9.4 Fighting
 - Level 6.0 Axes
 - Level 1.5 Dodging
 - Level 2.1 Stealth
 - Level 6.0 Spellcasting
 - Level 1.1 Conjurations
 + Level 6.5 Translocations
 - Level 8.0 Earth Magic
 - Level 7.5 Alchemy


You had 9 spell levels left.
You knew the following spells:

 Your Spells              Type           Power      Damage    Failure   Level
a - Sandblast             Erth           100%       2d20      1%          1
b - Stone Arrow           Conj/Erth      70%        3d11      2%          3
c - Alistair's Intoxicat  Alch           34%        N/A       7%          5
d - Passage of Golubria   Tloc           46%        N/A       3%          4

Your spell library contained the following spells:

 Spells                   Type           Power      Damage    Failure   Level
 Apportation              Tloc           92%        N/A       1%          1
 Passwall                 Erth           53%        N/A       1%          3
 Petrify                  Alch/Erth      52%        N/A       2%          4
 Jinxbite                 Hex            16%        N/A       9%          2
 Brom's Barrelling Bould  Conj/Erth      35%        2d5       9%          4
 Frozen Ramparts          Ice            16%        1d3       17%         3
 Ozocubu's Armour         Ice            8%         N/A       17%         3
 Tukima's Dance           Hex            8%         N/A       17%         3
 Yara's Violent Unravell  Hex/Alch       15%        3d8       32%         5
 Metabolic Englaciation   Hex/Ice        4%         N/A       83%         5


Dungeon Overview and Level Annotations

Branches:
Dungeon (9/15)             Temple (0/1) D:7            Lair (0/5) D:9
    Orc (0/2) D:9          Bailey (visited)

Altars:
Cheibriados
Hepliaklqana
Qazlal
Ru
Trog
Wu Jian
Yredelemnul
Zin


Innate Abilities, Weirdness & Mutations

Your facial features look somewhat orcish.
You are immune to sickness and miasma.
Your stone body is resilient. (AC +8)
You are immune to poison.
You resist negative energy. (rN+)
You are resistant to electric shocks. (rElec)
You are resistant to unholy torment.
You are immune to petrification.


Message History

Press: ? - help, Shift-Dir - straight line, f - smoke demon
Aim: a smoke demon (heavily wounded, summoned, ally target, 87% to hit)
The blast of sand hits the smoke demon.
The smoke demon is heavily wounded.
The liquid fire burns you!
* * * LOW HITPOINT WARNING * * *
The foxfire hits the smoke demon.
The smoke demon resists.
The smoke demon is heavily wounded.
The foxfire hits the smoke demon.
The smoke demon completely resists.
The smoke demon is heavily wounded.
The smoke demon hits you but does no damage. x2
The smoke demon closely misses you.
The yak is engulfed in a cloud of scalding steam.
The yak barely misses you.
Horkud gestures at the smoke demon while chanting.
The blast of sand hits the smoke demon!
The smoke demon dies!
The smoke demon disappears in a puff of smoke!
Casting: Sandblast (safe; 1% risk of failure)
Confirm with . or Enter, or press ? or * to list all spells.
Aiming: Sandblast (safe; 1% risk of failure)
Press: ? - help, Shift-Dir - straight line, f - yak
Aim: a yak (lightly wounded, 91% to hit)
The blast of sand hits the yak!
The yak is heavily wounded.
Horkud is invigorated by your prowess. The liquid fire burns you!
* * * LOW HITPOINT WARNING * * *
The kobold demonologist is engulfed in a cloud of scalding steam.
The yak barely misses you.
The kobold is engulfed in a cloud of scalding steam.
The kobold dies!
Horkud gestures wildly while chanting.
Horkud seems to speed up.
The kobold demonologist is engulfed in a cloud of scalding steam.
The yak gores you but does no damage.
You swap places.
You shake off some of the fire as you move.
The liquid fire burns you!
You die...

~~.♣.......#.#.........# #.#
~~~♣♣........#.##...##.# #.#
~~♣♣..♣...##.#..#...#..#######.#
♣~~♣♣♣♣♣..##..#...≈...#(.......#
~~~.♣PP~..##.....###....#####..##
..~~~~...###............ ##...
~~~~♣~♣~## #....§..##### ##.##
♣.♣♣♣♣♣♣# ####'#### #..# ♣.♣
##...§@### ####.### ♣~♣
##...##.o)# ###....... .~~
#....####Y###.....#####. ♣.♣
#.......§5K.....# ... #. ...
#.......).......###.###.
###~~Y~~.....~.##...#...
#~~~SKK)~~~~## #)#.##
Y..Y~~~§K~~~P~# #)#...
###5~~~~~~~~~~# #.###.


You could see a kobold demonologist, a yak (ally target), a quasit (summoned)
and the friendly Horkud the orc apostle (fast, poisoned).

Vanquished Creatures
  A two-headed ogre (D:9)
  An orc knight (Bailey)
  Pikel (D:5)
  A deep elf pyromancer (Bailey)
  Joseph (D:7)
  Maggie (D:6)
  3 kobold demonologists (D:9)
  Eustachio (D:6)
  9 yaks
  A steam dragon (D:9)
  Menkaure (D:7)
  3 water moccasins
  Duvessa (D:7)
  2 black bears (D:5)
  7 orc warriors
  4 ice beasts
  A centaur (D:9)
  A lemure (D:5)
  3 phantoms (D:5)
  6 kobold brigands
  3 scorpions
  3 bullfrogs
  12 wights
  Dowan (D:7)
  7 killer bees
  7 howler monkeys
  3 electric eels (D:9)
  A bombardier beetle (D:5)
  3 hounds
  4 orc priests
  4 gnoll boudas
  7 iguanas
  10 orc wizards
  2 sleepcaps
  19 gnolls
  11 adders
  3 shadow imps
  A white imp (D:6)
  2 ufetubi (D:7)
  3 ribbon worms
  2 dart slugs
  24 orcs
  6 endoplasms
  4 giant cockroaches
  7 goblins
  9 hobgoblins
  7 jackals
  27 kobolds
  6 quokkas
  7 ball pythons
  5 bats
  2 frilled lizards (D:1)
  7 rats
268 creatures vanquished.

Vanquished Creatures (collateral kills)
  A kobold demonologist (D:9)
  2 kobolds (D:9)
3 creatures vanquished.

Vanquished Creatures (others)
  An orc wizard (D:9)
  An orc (D:9)
  4 kobolds
  33 foxfires (D:9)
39 creatures vanquished.

Grand Total: 310 creatures vanquished

Notes
Turn   | Place    | Note
-------+----------+-------------------------------------------
     0 | D:1      | wilfster70 the Gargoyle Earth Elementalist began the quest
                  | for the Orb.
     0 | D:1      | Reached XP level 1. HP: 10/10 MP: 3/3
   305 | D:1      | Reached XP level 2. HP: 15/15 MP: 1/5
   863 | D:1      | Reached XP level 3. HP: 19/19 MP: 4/6
   867 | D:1      | Learned a level 3 spell: Stone Arrow
  1106 | D:2      | Reached skill level 5 in Earth Magic
  1174 | D:2      | Reached XP level 4. HP: 24/24 MP: 6/8
  2001 | D:3      | Identified the +2 helmet of the Constellations {rC+ Slay+2}
  2078 | D:3      | Reached XP level 5. HP: 28/28 MP: 4/9
  2132 | D:3      | You fall into a shaft and drop 1 floor!
  2440 | D:4      | Found a bloodstained altar of Trog.
  2578 | D:4      | Reached XP level 6. HP: 9/32 MP: 6/11
  2592 | D:4      | Noticed Pikel
  2621 | D:5      | Entered Level 5 of the Dungeon
  2621 | D:5      | Noticed an ice beast
  2632 | D:5      | Killed an ice beast
  2754 | D:5      | Killed Pikel
  2755 | D:5      | Reached skill level 5 in Spellcasting
  2755 | D:5      | Reached XP level 7. HP: 19/36 MP: 10/15
  2833 | D:4      | Reached skill level 1 in Axes
  2836 | D:5      | Reached XP level 8. HP: 38/41 MP: 11/17
  3675 | D:5      | Found an ornate altar of the Wu Jian Council.
  3675 | D:5      | Found a sacrificial altar of Ru.
  3970 | D:5      | Reached skill level 1 in Fighting
  3970 | D:5      | Reached skill level 5 in Axes
  4040 | D:5      | Reached skill level 2 in Fighting
  4211 | D:5      | Reached skill level 3 in Fighting
  4350 | D:5      | Reached XP level 9. HP: 51/51 MP: 14/18
  4350 | D:5      | Found a hazy altar of Hepliaklqana.
  4374 | D:5      | Reached skill level 4 in Fighting
  4741 | D:6      | Found a stormy altar of Qazlal.
  4777 | D:6      | Reached skill level 5 in Fighting
  4833 | D:6      | Noticed Eustachio
  4840 | D:6      | Killed Eustachio
  4841 | D:6      | Reached skill level 6 in Fighting
  4853 | D:6      | Learned a level 5 spell: Alistair's Intoxication
  4882 | D:6      | Reached skill level 1 in Alchemy
  4886 | D:6      | Became a worshipper of Beogh the Shepherd
  4891 | D:6      | Found a snail-covered altar of Cheibriados.
  5125 | D:6      | Found a glowing silver altar of Zin.
  5292 | D:6      | Noticed Maggie
  5480 | D:6      | Killed Maggie
  5481 | D:6      | Reached skill level 7 in Fighting
  5664 | D:6      | Reached XP level 10. HP: 56/63 MP: 16/19
  5833 | D:7      | Noticed Menkaure
  5844 | D:7      | Killed Menkaure
  5962 | D:7      | Noticed Dowan
  5963 | D:7      | Noticed Duvessa
  5966 | D:7      | Killed Dowan
  5970 | D:7      | Killed Duvessa
  5976 | D:7      | Found a basalt altar of Yredelemnul.
  6032 | D:7      | Reached * piety under Beogh
  6036 | D:7      | Reached skill level 5 in Alchemy
  6039 | D:7      | Noticed Joseph
  6100 | D:7      | Killed Joseph
  6101 | D:7      | Reached skill level 8 in Fighting
  6391 | D:7      | Found a staircase to the Ecumenical Temple.
  6874 | D:8      | Found a flagged portal.
  6883 | Bailey   | Entered a bailey
  6942 | Bailey   | Found a large runed translucent door.
  6942 | Bailey   | Found a large runed translucent door.
  6943 | Bailey   | Noticed an orc knight
  6943 | Bailey   | Noticed a deep elf pyromancer
  6989 | Bailey   | Killed an orc knight
  6990 | Bailey   | Reached skill level 9 in Fighting
  7263 | Bailey   | Killed a deep elf pyromancer
  7264 | Bailey   | Reached XP level 11. HP: 62/71 MP: 16/20
  7269 | Bailey   | Identified the +0 robe of Perfidy {Str+3 Int+3}
  7306 | Bailey   | Learned a level 4 spell: Passage of Golubria
  7429 | D:8      | Reached skill level 1 in Translocations
  7434 | D:8      | Reached ** piety under Beogh
  8199 | D:9      | Found a staircase to the Orcish Mines.
  8237 | D:9      | Noticed a two-headed ogre
  8248 | D:9      | Killed a two-headed ogre
  8317 | D:9      | Reached *** piety under Beogh
  8360 | D:9      | Identified the +2 robe of Beogh's Generosity {Str+3}
  8369 | D:9      | Anointed Horkud the wizard as your apostle
  8824 | D:9      | Found a staircase to the Lair.
  8843 | D:9      | Reached skill level 5 in Translocations
  8979 | D:9      | Noticed a sun demon
  9009 | D:9      | Incinerated by a smoke demon

Illustrated notes

Levels and vault maps discovered:
D:1:      psy_arrival_spokes, layout_loops_ring
D:2:      layout_rooms
D:3:      layout_basic
D:4:      layout_cave_pods, trog_three_pillars_becter, uniq_pikel
D:5:      layout_basic, jmf_multi_god_temple,
          mainiacjoe_overflow_concentric_impassable
D:6:      layout_loops_ring, zin_statuary, kennysheep_slug_shrine,
          marbit_many_paths, uniq_maggie, uniq_eustachio
D:7:      layout_loops_cross, general_overflow_altar,
          minmay_temple_entry_overgrown, uniq_duvessa, uniq_joseph,
          uniq_menkaure
D:8:      layout_basic, enter_bailey_2, due_unseen_surprise
D:9:      layout_roguey, dpeg_oklobed_lair, orc_0_dummy, serial_bayou,
          serial_bayou_pond_e, serial_bayou_pond_b, serial_bayou_crossing,
          serial_bayou_shore_a, serial_bayou_pond_e, serial_bayou_lake_a,
          nicolae_zig_zag_zippers

Skill      XL: |  1  2  3  4  5  6  7  8  9 10 11 |
---------------+----------------------------------+-----
Earth Magic    | 4 5 6 8 |  8.0
Spellcasting   | 3 5 6 |  6.0
Axes           | 1 5 6 |  6.0
Fighting       | 3 7 9 |  9.4
Alchemy        | 4 7 |  7.5
Translocations | 6 |  6.5
Dodging        | |  1.5
Stealth        | |  2.1
Conjurations   | |  1.1

Action                     |  1- 3 |  4- 6 |  7- 9 | 10-12 || total
---------------------------+-------+-------+-------+-------++-------
  Melee: Unarmed           |     8 |       |       |       ||     8
         Mace              |     5 |     1 |       |       ||     6
         Dagger            |       |       |    11 |    14 ||    25
   Cast: Sandblast         |    47 |    68 |   152 |   237 ||   504
 Invoke: Convert to Beogh  |       |       |     1 |       ||     1
         Recruit Apostle   |       |       |       |     1 ||     1
    Use: Scroll            |       |     5 |    12 |     5 ||    22
         Potion            |       |     3 |       |       ||     3
 Armour: Robe              |    35 |    42 |   105 |   128 ||   310
         Leather armour    |       |       |       |    45 ||    45
  Dodge: Dodged            |    29 |    32 |    59 |    99 ||   219

Table legend: (Time is in decaauts)
 A = Elapsed time spent in this place.
 B = Non-inter-level travel time spent in this place.
 C = Inter-level travel time spent in this place.
 D = Time resting spent in this place.
 E = Time spent auto-exploring this place.
 F = Levels seen in this place.
 G = Mean time per level.
                   A        B        C        D        E       F      G
               +--------+--------+--------+--------+--------+-----+--------+
         Total |   9268 |   9088 |    180 |   1365 |   4182 |  10 |  926.8 |
       Dungeon |   8786 |   8606 |    180 |   1275 |   4119 |   9 |  976.2 |
        Bailey |    482 |    482 |      0 |     90 |     63 |   1 |  482.0 |
               +--------+--------+--------+--------+--------+-----+--------+

Top non-repeatable levels by time:
     D:5: 1527 daAuts
     D:6: 1201 daAuts
     D:1: 1058 daAuts
     D:4: 963 daAuts
     D:3: 910 daAuts
     D:8: 901 daAuts
     D:9: 871 daAuts
     D:7: 869 daAuts
     D:2: 482 daAuts
  Bailey: 482 daAuts
